AoeStats
← zephyrutia

Black Forest

508018463Analyzed
3v3 RM · 13d ago on Sep 20, 2026· 82m 15s· 6 players
Game mode
Random Map
Map size
Normal (6 player)
Population
200
Speed
Normal
Resources
Standard
Victory
Conquest
Starting age
Dark Age
Ending age
Imperial Age
RankedLock teamsTeams togetherTeam positionsShared explorationLock speedFull tech treeHidden civsTurbo modeCheats
Victory
Defeat
🇺🇸 Turks · United States
892
+11
🇳🇵 Vietnamese · Nepal
863
+26
🇳🇵 Japanese · Nepal
850
+21
🇫🇮 Saracens · Finland
790
-13
🇩🇰 Slavs · Denmark
765
-11
🇺🇸 Britons · United States
760
-11
MaZaman7
0:44 Loom
14:30 Feudal Age
15:24 Double-Bit Axe
19:15 Castle Age
18:05 Double-Bit Axe
18:02 Horse Collar
18:52 Stone Mining
18:55 Gold Mining
20:37 Bow Saw
21:01 Heavy Plow
31:43 Wheelbarrow
31:17 Town Watch
32:12 Gold Shaft Mining
32:55 Hand Cart
37:10 Forging
37:05 Scale Barding Armor
39:22 Masonry
39:56 Bloodlines
39:46 Husbandry
45:03 Imperial Age
46:05 Conscription
45:06 Elite Mameluke
46:22 Hoardings
46:34 Iron Casting
49:56 Blast Furnace
49:16 Chain Barding Armor
50:00 Two-Man Saw
51:09 Chemistry
50:31 Ballistics
52:11 Plate Barding Armor
51:37 Scale Mail Armor
51:38 Padded Archer Armor
51:28 Fletching
51:29 Arson
51:44 Squires
51:30 Gambesons
51:05 Man-at-Arms
52:02 Pikeman
52:04 Elite Skirmisher
56:58 Long Swordsman
58:50 Chain Mail Armor
58:31 Bodkin Arrow
58:51 Leather Archer Armor
58:39 Caravan
58:01 Two-Handed Swordsman
58:06 Crossbowman
PtrCrypto
0:40 Loom
12:43 Feudal Age
14:02 Wheelbarrow
13:34 Double-Bit Axe
13:31 Horse Collar
22:55 Castle Age
21:31 Fletching
21:41 Padded Archer Armor
21:47 Gold Mining
24:21 Hand Cart
24:20 Bow Saw
24:23 Stone Mining
25:40 Bodkin Arrow
26:51 Heavy Plow
26:32 Crossbowman
29:14 Gold Shaft Mining
29:12 Leather Archer Armor
29:43 Ballistics
36:43 Guard Tower
45:01 Imperial Age
46:46 Conscription
47:08 Hoardings
47:28 Elite Boyar
50:34 Elite Skirmisher
53:12 Chemistry
57:43 Heavy Scorpion
60:54 Crop Rotation
63:51 Ring Archer Armor
68:59 Fortified Wall
68:45 Murder Holes
72:47 Two-Man Saw
76:20 Town Watch
golden_crab
2:16 Loom
10:18 Feudal Age
11:40 Double-Bit Axe
23:33 Castle Age
22:22 Gold Mining
23:03 Stone Mining
25:13 Man-at-Arms
25:41 Gambesons
25:52 Fletching
28:57 Gold Shaft Mining
28:48 Long Swordsman
29:33 Caravan
31:00 Bow Saw
35:39 Husbandry
36:26 Scale Barding Armor
37:30 Yeomen
38:38 Padded Archer Armor
43:51 Imperial Age
41:46 Chain Barding Armor
44:01 Leather Archer Armor
44:11 Ballistics
44:06 Elite Longbowman
45:16 Cavalier
46:50 Wheelbarrow
48:10 Chemistry
49:12 Two-Man Saw
48:53 Conscription
56:05 Plate Barding Armor
56:03 Ring Archer Armor
57:52 Warwolf
58:27 Forging
58:29 Horse Collar
59:09 Heavy Scorpion
Blast
2:45 Loom
13:30 Feudal Age
14:20 Double-Bit Axe
21:57 Castle Age
23:03 Horse Collar
23:35 Bow Saw
24:45 Fletching
29:36 Imperial Age
27:08 Stone Mining
38:21 Paper Money
42:12 Bodkin Arrow
43:44 Padded Archer Armor
44:26 Elite Rattan Archer
46:38 Chemistry
45:25 Elite Fire Lancer
45:36 Elite Skirmisher
46:50 Caravan
47:04 Guilds
47:25 Coinage
46:38 Imperial Skirmisher
47:25 Thumb Ring
56:23 Stone Shaft Mining
56:22 Bracer
58:51 Forging
62:00 Gold Mining
68:59 Leather Archer Armor
72:12 Squires
72:49 Ring Archer Armor
72:17 Pikeman
74:00 Iron Casting
73:43 Scale Mail Armor
74:40 Chain Mail Armor
76:25 Plate Mail Armor
77:58 Spies/Treason
79:19 Pikeman
zephyrutia
8:07 Loom
10:58 Feudal Age
16:22 Castle Age
14:56 Double-Bit Axe
15:21 Horse Collar
23:56 Imperial Age
23:49 Padded Archer Armor
23:59 Heavy Plow
28:20 Leather Archer Armor
29:54 Town Watch
37:42 Ring Archer Armor
37:35 Bombard Tower
38:28 Wheelbarrow
46:16 Hand Cart
46:02 Town Patrol
46:25 Ballistics
50:41 Scale Barding Armor
55:49 Chain Barding Armor
55:29 Murder Holes
56:23 Forging
58:31 Artillery
59:52 Bloodlines
Magikarp
4:25 Loom
14:20 Feudal Age
17:14 Double-Bit Axe
22:57 Castle Age
21:52 Arson
23:31 Forging
23:21 Scale Mail Armor
32:35 Imperial Age
31:08 Bow Saw
30:53 Treadmill Crane
31:30 Fortified Wall
31:19 Horse Collar
32:58 Wheelbarrow
32:09 Town Watch
32:56 Squires
35:57 Gold Mining
35:58 Stone Mining
38:05 Kataparuto
37:32 Elite Samurai
38:45 Town Patrol
42:11 Hand Cart
41:46 Man-at-Arms
42:12 Gambesons
41:50 Pikeman
43:21 Long Swordsman
43:39 Halberdier
44:44 Masonry
46:37 Gold Shaft Mining
46:53 Conscription
47:14 Hoardings
46:17 Cavalier
46:58 Husbandry
47:52 Iron Casting
47:46 Chain Mail Armor
47:37 Scale Barding Armor
47:45 Heavy Plow
49:54 Two-Handed Swordsman
52:27 Champion
64:05 Blast Furnace
63:36 Plate Mail Armor
63:27 Chain Barding Armor
81:35 Spies/Treason
Connection lost

Rejoining the realm…

Still unreachable

The connection could not be restored.

Session expired

The server has moved on; the page needs a fresh start.